[Event "*** Titled Tuesday Blitz"]
[Site "Chess.com"]
[Date "2020.04.14"]
[Round "6"]
[White "MarcoRiehle"]
[Black "GeorgMeier"]
[Result "1/2-1/2"]
[WhiteElo "2731"]
[BlackElo "3040"]
[TimeControl "180+1"]
[EndTime "11:05:08 PDT"]
[Termination "Game drawn by repetition"]

1. e4 e6 2. c4 d5 3. cxd5 exd5 4. Qb3 dxe4 5. Bc4 Qd7 6. Nh3 Nc6 7. Ng5 Ne5 8. d3 Nf6 9. O-O Bd6 10. Nxe4 Nxe4 11.
dxe4 Nxc4 12. Qxc4 O-O 13. Nc3 c6 14. Rd1 Qc7 15. h3 Be6 16. Qe2 Rad8 17. Be3 Be5 18. Rxd8 Rxd8 19. Rd1 b6 20. a3 h6 21. Rxd8+ Qxd8 22. f4 Bxc3 23. bxc3 c5 24. Qd2 Qe7 25. Kf2 f6 26. Kf3 Bf7 27. g4 Kh7 28. Qd3 Bg6 29. h4 h5 30. g5 Qb7 31. Qd5 Qxd5 32. exd5 Kg8 33. f5 Bxf5 34. Bf4 Kf7 35. gxf6 Kxf6 36. Bb8 a6 37. Ba7 b5 38. Kf4 c4 39. Bd4+ Kg6 40. Bxg7 Bh3 41. Bd4 Kf7 42.
Ke5 Ke7 43. d6+ Kd7 44. Kd5 Bg2+ 45. Kc5 Bb7 46. Kb6 Bc8 47. Bc5 Kd8 48. Kc6 Bd7+ 49. Kb6 Bc8 50. Be3 Kd7 51. Bf4 Ke8 52. Bg5 Kd7 53. Be7 Ke8 54. Kc7 Bd7 55. Kb7 Bf5 56.
Kxa6 Bd7 57. Kb6 Kf7 58. Kc7 Ke6 59. Bg5 Be8 60. Be3 Bd7 61. Bc5 Be8 62. Bb4 Bd7 63. Kb6 Be8 64. Kc7 Bd7 65. Kd8 Bc6 66. Kc7 Bd7 1/2-1/2

[Event "*** Titled Tuesday Blitz"]
[Site "Chess.com"]
[Date "2020.04.14"]
[Round "6"]
[White "FelixJoseYnojosa"]
[Black "Igor_Lysyj"]
[Result "1/2-1/2"]
[WhiteElo "2647"]
[BlackElo "2817"]
[TimeControl "180+1"]
[EndTime "11:05:08 PDT"]
[Termination "Game drawn by agreement"]

1. c4 e6 2. Nc3 d5 3. d4 dxc4 4. e4 c5 5. d5 Nf6 6. Bxc4 exd5 7. exd5 a6 8. a4 Bd6 9. Nf3 O-O 10. O-O Bg4 11.
h3 Bh5 12. Bg5 Nbd7 13. Ne4 Qc7 14. Bxf6 Nxf6 15. Nxf6+ gxf6 16. Qb3 Rfe8 17. Rfe1 Bg6 18. Bd3 Qd7 19. a5 Qc7 20. Nd2 Rxe1+ 21. Rxe1 Qxa5 22.
Bxg6 Qxd2 23. Rd1 Re8 24. Bd3 Re1+ 25. Rxe1 Qxe1+ 26. Bf1 Qe5 27. g3 b5 28. Qf3 h5 29. b3 Kf8 30. h4 c4 31. bxc4 b4 32. c5 Bxc5 33. Bxa6 b3 34. Qxb3 Qe1+ 35. Kg2 Qxf2+ 36.
Kh3 Qg1 37. Qf3 Bd6 38. Bd3 Be5 39. Bf1 Ke7 40. Bg2 Kf8 41. Qa3+ Kg7 42. Qf3 Qe1 43. Qd3 f5 44. d6 f4 45. d7 Bf6 46. Qf3 Qe6+ 47.
g4 Qxd7 48. Qxf4 Qd3+ 49. Bf3 Qb1 50. gxh5 Qf1+ 51. Kg4 Qg1+ 52. Kf5 Qc5+ 53. Kg4 Qb6 54. h6+ Kh8 55. Be4 Qe6+ 56. Kf3 Be5 57. Qf5 Qxf5+ 58. Bxf5 Bf6 59. h7 Ba1 60. h5 Bb2 61. Ke4 Ba1 62.
Kd5 Bb2 63. Kd6 Ba1 64. Ke7 Bb2 65. Kxf7 Ba1 66. Kg6 1/2-1/2

[Event "*** Titled Tuesday Blitz"]
[Site "Chess.com"]
[Date "2020.04.14"]
[Round "6"]
[White "Lucas_Tomiello"]
[Black "Chessmasterzt"]
[Result "1-0"]
[WhiteElo "2369"]
[BlackElo "2516"]
[TimeControl "180+1"]
[EndTime "11:05:08 PDT"]
[Termination "Lucas_Tomiello won by checkmate"]

1. e4 c5 2. Nf3 d6 3. d4 cxd4 4.
Nxd4 Nf6 5. Nc3 Nc6 6. Bg5 Bd7 7. Bc4 Rc8 8. Bb3 Qa5 9. Bxf6 gxf6 10. O-O h5 11. Nd5 Nxd4 12. Qxd4 Qc5 13. Qd3 Bg7 14.
Qg3 Kf8 15. Qh4 Rh6 16. Kh1 e6 17. Nf4 Qg5 18. Qxg5 fxg5 19. Nd3 Ke7 20. f4 gxf4 21. Rxf4 Bc6 22. Raf1 Rf6 23. e5 dxe5 24. Nxe5 Rxf4 25. Nxc6+ Rxc6 26. Rxf4 Bxb2 27. Rc4 Rd6 28. g3 Rd1+ 29. Kg2 Be5 30. Rh4 Rd2+ 31. Kh3 b5 32. Rxh5 Re2 33.
c4 b4 34. c5 a5 35. Kg4 Re3 36. c6 Kd6 37. Rh7 f5+ 38. Kh3 Kxc6 39. Re7 f4 40.
Rxe6+ Kc5 41. Rg6 f3 42. Rg5 f2 43. Rf5 Re2 44. Kg2 Kd4 45. Rxf2 Rxf2+ 46. Kxf2 Kc3 47. h4 Kd4 48. Kf3 Bd6 49. h5 Ke5 50. Kg4 Be7 51. h6 Kf6 52. Kh5 Bd6 53. g4 Bf4 54. Bc4 Bg5 55. h7 Kg7 56. Kxg5 Kxh7 57.
Kf6 a4 58. Kf7 b3 59. axb3 axb3 60. Bxb3 Kh6 61. Kf6 Kh7 62. Bc4 Kh6 63. g5+ Kh7 64.
g6+ Kh8 65. g7+ Kh7 66. g8=Q+ Kh6 67. Qg6# 1-0

[Event "*** Titled Tuesday Blitz"]
[Site "Chess.com"]
[Date "2020.04.14"]
[Round "6"]
[White "Mikhail_Golubev"]
[Black "Anna_ChessMate"]
[Result "1-0"]
[WhiteElo "2525"]
[BlackElo "2601"]
[TimeControl "180+1"]
[EndTime "11:05:10 PDT"]
[Termination "Mikhail_Golubev won by checkmate"]

1. e4 e5 2. Nf3 Nc6 3. Nc3 Nf6 4. d4 exd4 5. Nxd4 Bb4 6. Nxc6 bxc6 7. Bd3 O-O 8. O-O d5 9. exd5 cxd5 10. Na4 a5 11.
Bg5 Ba6 12. Bxa6 Rxa6 13. Qd3 Qc8 14. c3 Be7 15. Rae1 Re6 16. Bxf6 Bxf6 17. Qxd5 Rxe1 18.
Rxe1 Qb8 19. b3 Qa7 20. Qc6 h6 21. Re8 Rxe8 22. Qxe8+ Kh7 23. Qxf7 Qb7 24. Qe6 Qb5 25. Qe4+ Kh8 26. g3 Qh5 27. Kg2 Qd1 28. Qe8+ Kh7 29. Qe4+ Kh8 30. Qa8+ Kh7 31. Qxa5 Qc2 32. Qxc7 Qxa2 33.
Qc4 Qc2 34. Nc5 Qb2 35. Ne4 Be7 36. b4 Bd8 37. Qd4 Bc7 38. Nc5 Qe2 39. Qe4+ Qxe4+ 40. Nxe4 Kg6 41. c4 Kf5 42. Kf3 Ke5 43. Ke3 g5 44.
f3 Kf5 45. h3 Ke5 46. Kd3 Kf5 47. b5 Ke5 48. Nc3 Kd6 49. g4 Kc5 50. Ne4+ Kb4 51. Kd4 Bb6+ 52. Kd5 Bd8 53. Nc5 Be7 54. Nd7 Ka5 55.
b6 Ka6 56. Kc6 h5 57. b7 Bd6 58. Kxd6 h4 59. c5 Ka5 60. c6 Kb4 61. c7 Kc3 62. c8=Q+ Kd2 63. Qc5 Ke2 64. Qxg5 Kf1 65. Qxh4 Kg2 66.
b8=Q Kxf3 67. Qb3+ Kg2 68. Qhg3+ Kh1 69. Qbf3# 1-0

[Event "*** Titled Tuesday Blitz"]
[Site "Chess.com"]
[Date "2020.04.14"]
[Round "6"]
[White "Tashik"]
[Black "LimeInTheCoconut"]
[Result "1-0"]
[WhiteElo "2549"]
[BlackElo "2344"]
[TimeControl "180+1"]
[EndTime "11:05:10 PDT"]
[Termination "Tashik won by checkmate"]

1. c4 Nf6 2. Nc3 c5 3. Nf3 Nc6 4. d4 cxd4 5. Nxd4 e6 6. g3 Qb6 7.
Ndb5 Bc5 8. Nd6+ Ke7 9. Nde4 Nxe4 10. Nxe4 Bb4+ 11. Bd2 d6 12. Bg2 Bxd2+ 13. Qxd2 Qb4 14. Nc3 Qxc4 15. Qg5+ Kf8 16. Bxc6 Qxc6 17. Qd8+ Qe8 18. Qxd6+ Qe7 19. O-O-O Qxd6 20. Rxd6 Ke7 21. Rhd1 Re8 22. Nb5 Rh8 23. f4 b6 24. Kb1 h5 25. h4 e5 26.
e4 Bg4 27. R1d2 exf4 28. gxf4 Rhd8 29. e5 Bf5+ 30. Kc1 Rac8+ 31. Nc3 Rxd6 32. Rxd6 Rc4 33.
Kd2 Be6 34. Ke3 b5 35. Ra6 b4 36. Rxa7+ Kd8 37. Ne4 Rc2 38. b3 Rh2 39. Ra4 Rxh4 40. Rxb4 Rh3+ 41. Kd4 h4 42. Rb8+ Kc7 43. Ra8 Rh2 44.
Ra7+ Kb6 45. Ra8 h3 46. Rh8 Kb7 47. Ng5 Rd2+ 48. Ke3 h2 49. Kxd2 Bh3 50. Rxh3 Kb6 51. Rxh2 Kb5 52. Rg2 Kb4 53. Rf2 Ka3 54. Ne4 Kb2 55.
f5 Ka1 56. e6 fxe6 57. fxe6 g5 58. e7 g4 59. e8=Q g3 60. Rf1+ Kb2 61. Qe5+ Kxa2 62.
Qa5+ Kxb3 63. Qa1 Kc4 64. Qc3+ Kd5 65. Qd3+ Ke6 66. Rf6+ Ke5 67. Qd6+ Kxe4 68. Re6+ Kf3 69. Qd3+ Kg2 70. Re2+ Kh3 71. Qh7+ Kg4 72. Re4+ Kf3 73. Qf5+ Kg2 74. Re2+ Kg1 75. Qb1# 1-0

[Event "*** Titled Tuesday Blitz"]
[Site "Chess.com"]
[Date "2020.04.14"]
[Round "6"]
[White "ElliPaehtz"]
[Black "vovkcoach"]
[Result "1/2-1/2"]
[WhiteElo "2573"]
[BlackElo "2763"]
[TimeControl "180+1"]
[EndTime "11:05:11 PDT"]
[Termination "Game drawn by repetition"]

1. d4 Nf6 2. Nf3 g6 3. Bg5 Bg7 4. Nbd2 O-O 5. c3 d6 6. e3 c5 7. Bd3 cxd4 8. exd4 b6 9. O-O Bb7 10. Qe2 a6 11. Rfe1 Re8 12. Ne4 Nbd7 13. Qd2 Qc7 14. Bh6 Bh8 15. h3 Nxe4 16. Bxe4 Nf6 17. Bxb7 Qxb7 18.
Re2 b5 19. a3 a5 20. Rae1 Rac8 21. Ng5 Bg7 22. Ne4 Qd7 23. Qg5 Qf5 24. Qh4 Nxe4 25. Rxe4 Bf6 26. Qg3 Qd7 27. Bg5 Bxg5 28. Qxg5 Rc7 29.
Qh6 e6 30. h4 f5 31. R4e3 b4 32. axb4 axb4 33. h5 Qg7 34. Qxg7+ Kxg7 35. Rxe6 Rxe6 36.
Rxe6 bxc3 37. bxc3 gxh5 38. Rxd6 Rxc3 39. g3 Rd3 40. Kg2 Kf7 41. f4 Kg7 42. Kh3 Kf7 43.
Kh4 Kg7 44. Rd7+ Kg6 45. d5 h6 46. d6 Rd1 47. Kh3 Rd2 48. Rd8 Kg7 49. d7 Rd1 50. Kg2 Kh7 51. Kf2 Kg7 52. Ke2 Rd6 53. Ke3 Kh7 54. Rf8 Rxd7 55. Rxf5 Kg6 56. Re5 Rd1 57. Kf3 Rd3+ 58. Kg2 Rd2+ 59. Kh3 Rd1 60. Re6+ Kg7 61. Rb6 Rd2 62. f5 Rf2 63. Rg6+ Kh7 64. Rf6 Kg7 65. Rg6+ Kh7 66. Rf6 Kg7 67. Rg6+ 1/2-1/2

[Event "*** Titled Tuesday Blitz"]
[Site "Chess.com"]
[Date "2020.04.14"]
[Round "6"]
[White "BilguunSu"]
[Black "Anton_Demchenko"]
[Result "0-1"]
[WhiteElo "2647"]
[BlackElo "2931"]
[TimeControl "180+1"]
[EndTime "11:05:12 PDT"]
[Termination "Anton_Demchenko won on time"]

1. e4 e5 2. Nf3 Nc6 3. Bc4 Nf6 4. d3 h6 5. O-O d6 6. c3 g6 7. Re1 Bg7 8. Nbd2 O-O 9. a4 Nh7 10. b4 Kh8 11. b5 Na5 12. Ba2 f5 13. h3 Qe8 14. Nf1 Be6 15. Bxe6 Qxe6 16. c4 fxe4 17. Rxe4 b6 18. Ne3 Nb7 19. Nd5 Qf7 20. Be3 Nd8 21.
a5 Ne6 22. Qd2 h5 23. Bh6 Nc5 24. Bxg7+ Qxg7 25. Ree1 Nb3 26. Qc3 Nxa1 27. Rxa1 Nf6 28. Ng5 Qd7 29. Nxf6 Rxf6 30. Ne4 Rff8 31. Qd2 Kg7 32. Qe3 Qf5 33. Qd2 Qf4 34. Qe2 Rae8 35. axb6 axb6 36. Ra7 Rf7 37. g3 Qf5 38. Kg2 Ref8 39.
Ra2 Qd7 40. Ng5 Rxf2+ 41. Qxf2 Rxf2+ 42. Rxf2 Qc8 43. Rf7+ Kg8 44. h4 Qa8+ 45. Kh2 Qa2+ 46. Kh3 Qb1 47. Kg2 Qc2+ 48. Kh3 Qd1 49. Kg2 Qe2+ 50.
Kh3 Qxd3 51. Rxc7 Qf5+ 52. Kg2 Qc2+ 53. Kh3 Qd1 54. Kg2 Qe2+ 55. Kh3 Qf1+ 56. Kh2 Qf2+ 57. Kh3 Qf1+ 58. Kh2 Qf2+ 59. Kh3 Qf5+ 60. Kg2 e4 61. Re7 d5 62. cxd5 Qxd5 63. Nxe4 Qxb5 64. Rc7 Qd5 65.
Kf3 Qf5+ 66. Ke3 b5 67. Rb7 Qe5 0-1

[Event "*** Titled Tuesday Blitz"]
[Site "Chess.com"]
[Date "2020.04.14"]
[Round "6"]
[White "Tiqr777"]
[Black "Vice64"]
[Result "1-0"]
[WhiteElo "2637"]
[BlackElo "2467"]
[TimeControl "180+1"]
[EndTime "11:05:12 PDT"]
[Termination "Tiqr777 won by resignation"]

1. d4 Nf6 2. Nf3 e6 3. Bg5 h6 4. Bh4 d6 5. Nbd2 b6 6. e4 g5 7.
Bg3 Bb7 8. Bd3 Bg7 9. Qe2 Nbd7 10. c3 Qe7 11. Ba6 Bxa6 12. Qxa6 O-O 13. O-O Nh5 14. Qe2 Nxg3 15. fxg3 c5 16. g4 cxd4 17. cxd4 Rfc8 18. Rac1 Nf8 19. b3 Rc7 20. Qa6 Qd7 21. Rc4 d5 22. Rxc7 Qxc7 23. e5 Rc8 24. h4 Nh7 25. h5 Nf8 26. Kh2 Nd7 27. Kh3 Nb8 28.
Qe2 Qc2 29. Qf2 Rc7 30. Kh2 Nc6 31. a3 Na5 32. Qe3 Qc3 33. Re1 Qxe3 34. Rxe3 Rc2 35. Rd3 Bf8 36. a4 Nc6 37. Kg3 Nb4 38. Re3 Na2 39. Kf2 Bb4 40. Ke2 Nc3+ 41. Kd3 Rc1 42. Re1 Rxe1 43. Nxe1 Nb1 44. Ndf3 Kf8 45. Nc2 Be7 46.
b4 a5 47. bxa5 bxa5 48. Nd2 Na3 49. Nxa3 Bxa3 50. Nb3 Bb4 51. Nc1 Ke7 52. Ne2 f6 53. Ng1 Ba3 54. Nf3 Bb2 55. exf6+ Kxf6 56. Ne5 Ba1 57.
Nc6 e5 58. dxe5+ Bxe5 59. Nxa5 Bc7 60. Nc6 Ke6 61. Nd4+ Ke5 62. Nf5 Kf4 63. Nxh6 Bb6 64. a5 Bxa5 65. Kd4 Bd8 66. Kxd5 Bf6 67. Ke6 Bg7 68. Nf5 Bf8 69. h6 Bxh6 70. Nxh6 Kg3 71. Kf6 Kh4 72. Kg6 Kg3 73. Kxg5 Kxg2 74. Kf6 1-0

[Event "*** Titled Tuesday Blitz"]
[Site "Chess.com"]
[Date "2020.04.14"]
[Round "6"]
[White "InitiatingASC"]
[Black "smshk35"]
[Result "0-1"]
[WhiteElo "2412"]
[BlackElo "2290"]
[TimeControl "180+1"]
[EndTime "11:05:16 PDT"]
[Termination "smshk35 won by resignation"]

1. d4 Nf6 2. c4 g6 3. Nc3 Bg7 4. Nf3 O-O 5. g3 d6 6. Bg2 Nc6 7. O-O e5 8. dxe5 dxe5 9. Bg5 Be6 10. b3 h6 11. Bd2 Nd7 12. Qc2 a5 13. Rad1 Qe7 14. Qc1 Kh7 15. Nb5 Nc5 16. Bc3 Rad8 17. Qb2 f6 18. Nd2 Rd7 19. Ne4 Nxe4 20. Bxe4 Rfd8 21.
Qc2 f5 22. Bg2 e4 23. Bxg7 Qxg7 24. f3 Nb4 25. Qb1 c6 26. Na3 Qc3 27. fxe4 Qe3+ 28. Kh1 Qxe2 29. Rxd7+ Rxd7 30. exf5 Bxf5 31. Rxf5 Rd1+ 32.
Qxd1 Qxd1+ 33. Rf1 Qd2 34. Nb1 Qxa2 35. Nc3 Qxb3 36. Ne4 Qxc4 37. Nd6 Qe6 38. Nxb7 Qe5 39.
Nd8 a4 40. Nxc6 Nxc6 41. Bxc6 a3 42. Rf2 Qb2 43. Rf7+ Kh8 44. Bd5 a2 45. Bxa2 Qxa2 46. Rf8+ Kg7 47. Rf1 h5 48. Kg1 g5 49. Rf2 Qb1+ 50.
Kg2 Qb7+ 51. Kg1 g4 52. Rf4 Qb1+ 53. Rf1 Qc2 54. Rf2 Qc5 55. Kg2 Qd5+ 56. Kg1 Qd4 57. Kg2 Qe4+ 58. Kg1 Qe3 59. Kg2 Kg6 60. Rf4 Kg5 61.
Rf1 Qe2+ 62. Rf2 Qe4+ 63. Kg1 h4 64. gxh4+ Kxh4 65. Rf1 Qe3+ 66. Kg2 Qe2+ 67. Rf2 Qe4+ 68. Kf1 Qh1+ 69. Ke2 Kh3 70. Ke3 Qe1+ 71. Re2 Qg1+ 72.
Rf2 g3 73. hxg3 Kxg3 0-1

[Event "*** Titled Tuesday Blitz"]
[Site "Chess.com"]
[Date "2020.04.14"]
[Round "6"]
[White "CaspiIsrael"]
[Black "want2lose"]
[Result "0-1"]
[WhiteElo "2535"]
[BlackElo "2759"]
[TimeControl "180+1"]
[EndTime "11:05:17 PDT"]
[Termination "want2lose won by checkmate"]

1. e4 c6 2. d4 d5 3. e5 c5 4. c4 Nc6 5. Nf3 Bg4 6. cxd5 Qxd5 7. Nc3 Qd8 8. d5 Bxf3 9. Qxf3 Nxe5 10. Bb5+ Nd7 11.
O-O Nf6 12. Bg5 a6 13. Bxd7+ Qxd7 14. Rfe1 O-O-O 15. Rad1 Kb8 16. d6 exd6 17. Bxf6 gxf6 18. Nd5 f5 19. Nf6 Qc6 20. Qxf5 Bg7 21. Nd5 Bd4 22. b4 Rhe8 23. g3 Rxe1+ 24. Rxe1 Re8 25. Rxe8+ Qxe8 26. bxc5 Bxc5 27. Kg2 Qe5 28. Qxf7 Qe4+ 29. f3 Qc2+ 30. Kh3 Qxa2 31. Qe8+ Ka7 32. Nc7 Qc2 33. Qa8+ Kb6 34. Nd5+ Kc6 35. Nf4 Qf5+ 36. Kg2 Qd7 37.
Qg8 a5 38. Qd5+ Kb6 39. Qb3+ Qb5 40. Nd5+ Kc6 41. Ne7+ Kb6 42. Nc8+ Ka6 43. Qd5 a4 44. Nxd6 Bxd6 45. Qxd6+ Ka5 46. Qc7+ Kb4 47. Qxh7 a3 48. Qb1+ Ka4 49. Qd1+ Qb3 50. Qd7+ Qb5 51. Qd1+ Qb3 52. Qd7+ b5 53. Qa7+ Kb4 54. Qd4+ Qc4 55. Qd6+ Kb3 56. h4 a2 57. Qa6 Kb2 58. Qf6+ Qc3 59. Qf5 a1=Q 60.
Qxb5+ Ka2 61. Qa4+ Kb1 62. Qxa1+ Qxa1 63. g4 Kc2 64. Kg3 Kd3 65. g5 Kd4 66. Kg4 Ke5 67. h5 Ke6 68. f4 Kf7 69. h6 Qg1+ 70. Kf5 Qc5+ 71. Kg4 Kg6 72. Kh4 Qg1 73. h7 Kf5 74.
h8=Q Qg4# 0-1

[Event "*** Titled Tuesday Blitz"]
[Site "Chess.com"]
[Date "2020.04.14"]
[Round "6"]
[White "EndgameGrinder"]
[Black "rasmussvane"]
[Result "1/2-1/2"]
[WhiteElo "2692"]
[BlackElo "2872"]
[TimeControl "180+1"]
[EndTime "11:05:18 PDT"]
[Termination "Game drawn by repetition"]

1. d4 d5 2. Nf3 Nf6 3. Bg5 Ne4 4. Bf4 c5 5. c3 Nc6 6. e3 Bg4 7. Bd3 e6 8. Nbd2 Nxd2 9. Qxd2 Bxf3 10. gxf3 cxd4 11.
exd4 Bd6 12. Bg3 Qc7 13. Qg5 g6 14. O-O-O Qe7 15. Qe3 O-O-O 16. Kb1 Kb8 17. c4 Qf6 18. Bxd6+ Rxd6 19. c5 Rdd8 20. Bc2 Ne7 21. f4 Ka8 22. Qe5 Qh4 23. Qe3 Rc8 24. b4 Nf5 25. Bxf5 exf5 26.
Qg3 Qf6 27. Rhe1 Qc6 28. Re7 Rhe8 29. Rde1 a6 30. Qd3 Qa4 31. a3 Rxe7 32. Rxe7 Re8 33.
Rxe8+ Qxe8 34. Qe3 Qb5 35. Kb2 Qc4 36. h4 h5 37. Qd2 Ka7 38. Qe3 Qb5 39. Qd2 a5 40. Kb3 Qc4+ 41. Kb2 a4 42. Qe3 Ka6 43. Kb1 Qf1+ 44. Kb2 Qc4 45. Kb1 Ka7 46. Kb2 Qb5 47. Kb1 f6 48. Kb2 Qc4 49. Kb1 Ka6 50. Kb2 Qf1 51.
Kc3 Qa1+ 52. Kc2 Qa2+ 53. Kc1 Ka7 54. Qd3 Qxf2 55. Qb5 Qxf4+ 56. Kc2 Qe4+ 57. Kc1 Qe3+ 58. Kc2 Qb3+ 59. Kc1 Qxa3+ 60. Kd2 Qb2+ 61. Kd3 Qb3+ 62.
Kd2 Qa2+ 63. Kd1 Qb3+ 64. Kd2 Qb2+ 65. Ke1 Qc3+ 66. Kf2 Qxd4+ 67. Kf3 Qe4+ 68. Kf2 Qxh4+ 69. Kf3 Qe4+ 70. Kf2 Qd4+ 71. Kf3 Qc4 72. Qb6+ Kb8 73. Qd8+ Ka7 74. Qb6+ Ka8 75. Qd8+ Ka7 76. Qb6+ 1/2-1/2

[Event "*** Titled Tuesday Blitz"]
[Site "Chess.com"]
[Date "2020.04.14"]
[Round "6"]
[White "druskacik"]
[Black "Oligan22"]
[Result "1-0"]
[WhiteElo "2593"]
[BlackElo "2400"]
[TimeControl "180+1"]
[EndTime "11:05:20 PDT"]
[Termination "druskacik won on time"]

1. e4 c6 2. d4 d5 3. exd5 cxd5 4.
Bd3 Nc6 5. c3 Nf6 6. h3 g6 7.
Bf4 Bg7 8. Nf3 O-O 9. O-O Bf5 10. Be2 Ne4 11. Nbd2 Re8 12. Re1 e5 13. dxe5 Nxe5 14. Nxe5 Bxe5 15. Bxe5 Rxe5 16. Nf3 Re7 17. Nd4 Qb6 18.
Qb3 Be6 19. Bf3 Qc5 20. Re2 Rae8 21. Rae1 Ng5 22. Re5 Nxf3+ 23. Nxf3 Qc7 24. Nd4 Kg7 25. Qd1 Bc8 26. Rxe7 Rxe7 27. Qd2 Be6 28. Qe3 Qb6 29. Qe5+ Kg8 30. Re2 Qa6 31. Qf6 Re8 32. a3 Qb6 33. h4 Qd6 34. h5 Qe7 35. Qe5 gxh5 36. Re3 h4 37. Nf5 Qg5 38. f4 Qg6 39. Nxh4 Qg7 40. Nf3 Qxe5 41. Rxe5 f6 42. Re3 Kf7 43. Nd4 Bg4 44. Rxe8 Kxe8 45. Kf2 Ke7 46. Ke3 a6 47. Nb3 Kd6 48. Kd4 Bd1 49. Nc5 Kc6 50. Ne6 Kd6 51. Nf8 h6 52. Ng6 Bc2 53. Nh4 Be4 54. g3 Ke6 55. g4 b6 56. b4 Kd6 57. Ke3 Ke6 58.
Kd4 Kd6 59. f5 Kc6 60. Ng6 Kd6 61. Nf4 Bf3 62. Nh5 Bxg4 63. Nxf6 Bxf5 64. Nxd5 b5 65. Ne3 Bd7 66. c4 bxc4 67. Nxc4+ Kc7 68. Ne5 Bb5 69.
Ng6 h5 70. Kc5 Bd3 71. Nf4 1-0

[Event "*** Titled Tuesday Blitz"]
[Site "Chess.com"]
[Date "2020.04.14"]
[Round "6"]
[White "Danfii"]
[Black "HElissalt"]
[Result "1/2-1/2"]
[WhiteElo "2309"]
[BlackElo "2155"]
[TimeControl "180+1"]
[EndTime "11:05:22 PDT"]
[Termination "Game drawn by agreement"]

1. e4 d6 2. d4 Nf6 3. Nc3 e5 4.
Nf3 Nbd7 5. Bc4 Be7 6. a4 O-O 7. O-O c6 8. h3 b6 9. Qe2 a6 10. Rd1 Qc7 11. Nh4 exd4 12. Rxd4 Ne5 13. Nf5 Bxf5 14. exf5 d5 15. Bb3 Rfe8 16. Bf4 Bd6 17.
Qd2 Rad8 18. Rd1 b5 19. axb5 axb5 20. Bg5 Ned7 21. Rd3 h6 22. Bh4 Bf4 23. Bg3 Bxd2 24. Bxc7 Rc8 25. R3xd2 Rxc7 26. g4 Nc5 27. f3 Rce7 28. Kf2 Re3 29. Re2 Rxe2+ 30. Nxe2 Nxb3 31. cxb3 c5 32. Nc3 d4 33. Nxb5 Rb8 34. Nd6 Rxb3 35. Rd2 Nd5 36. Ne4 Ne3 37. Nxc5 Rxb2 38. Rxb2 Nd1+ 39.
Ke2 Nxb2 40. Kd2 f6 41. Kc2 Nc4 42. Kd3 Ne5+ 43. Kxd4 Nxf3+ 44. Ke3 Ng1 45. h4 h5 46.
gxh5 Kh7 47. Nd3 Kh6 48. Kf2 Nh3+ 49. Kg2 Ng5 50. hxg5+ Kxg5 51. Kg3 Kxf5 52. Kh4 Ke4 53. Nc5+ Kf5 54. Nd7 Ke6 55. Nf8+ Kf7 56. Ng6 Kg8 57.
Kg4 Kh7 58. Kf5 Kh6 59. Nf4 Kh7 60. Ke6 Kh6 61. Kf7 Kh7 62. Ke6 Kh6 63. Kf5 Kh7 64. Ng6 Kh6 65. Kg4 Kh7 66. Kh4 Kh6 67. Nf4 Kh7 68. Nd5 Kh6 69. Ne3 Kh7 70. Nf5 g6 71. hxg6+ Kxg6 72. Kg4 Kf7 73. Ng3 Kg6 74. Kf4 1/2-1/2

[Event "*** Titled Tuesday Blitz"]
[Site "Chess.com"]
[Date "2020.04.14"]
[Round "6"]
[White "avocadosheena"]
[Black "AVolodin"]
[Result "1/2-1/2"]
[WhiteElo "2148"]
[BlackElo "2697"]
[TimeControl "180+1"]
[EndTime "11:05:22 PDT"]
[Termination "Game drawn by repetition"]

1. d4 Nf6 2. c4 c5 3. d5 b5 4. cxb5 a6 5. bxa6 g6 6. Nc3 Bxa6 7. e4 Bxf1 8. Kxf1 d6 9. Nf3 Bg7 10. g3 O-O 11. Kg2 Nbd7 12. a4 Qa5 13. Bd2 Qb4 14. Qc2 Rfb8 15. Rab1 Qb3 16. Rhc1 Ne8 17. Be1 Nc7 18. Qxb3 Rxb3 19. Nd2 Rb4 20. b3 Ne5 21. Na2 Rb7 22. Nc4 Nd3 23. Rd1 Nxe1+ 24. Rxe1 Bd4 25. Rec1 f5 26. f3 Kg7 27. Nc3 Bxc3 28. Rxc3 Rxa4 29.
bxa4 Rxb1 30. a5 Na6 31. Nb6 Ra1 32. Nc8 Ra2+ 33. Kh3 Kf6 34. exf5 gxf5 35. Re3 Nc7 36. Nxe7 Rxa5 37. Ng8+ Kg7 38. Re7+ Kxg8 39. Rxc7 Ra3 40. Rd7 Rxf3 41. Rxd6 Kg7 42. Rc6 Rc3 43. d6 Rd3 44.
Rxc5 Rxd6 45. Rxf5 Kg6 46. Rf4 h5 47. g4 Rd3+ 48.
Kh4 hxg4 49. Rxg4+ Kh6 50. Rg3 Rd4+ 51. Kh3 Kh5 52. Rf3 Rh4+ 53. Kg3 Rg4+ 54. Kh3 Rc4 55. Re3 Kg5 56. Kg3 Kf5 57. Kf3 Rh4 58. Kg3 Rg4+ 59. Kh3 Rg1 60. Rg3 Rf1 61. Kg2 Rd1 62. Rf3+ Kg4 63. Rg3+ Kf4 64. Rf3+ Ke4 65. Rg3 Rd2+ 66. Kh3 Kf4 67. Rg4+ Kf5 68. Rg3 Rd4 69. Rf3+ Kg5 70. Rg3+ Kh5 71. Rf3 Rd5 72. Kg3 Kg5 73. Kh3 Rd1 74.
Rg3+ Kf4 75. Kg2 Rd2+ 76. Kh3 Rf2 77. Rg2 Rf3+ 78. Rg3 Rf1 79. Kg2 Rd1 80. Rf3+ Kg4 81. Rg3+ Kf4 1/2-1/2

[Event "*** Titled Tuesday Blitz"]
[Site "Chess.com"]
[Date "2020.04.14"]
[Round "6"]
[White "Gabix_94"]
[Black "vizumatv4hoda"]
[Result "0-1"]
[WhiteElo "2857"]
[BlackElo "2766"]
[TimeControl "180+1"]
[EndTime "11:05:26 PDT"]
[Termination "vizumatv4hoda won on time"]

1. d4 Nf6 2. c4 g6 3. Nc3 Bg7 4. e4 O-O 5. f3 d6 6. Nge2 c5 7. d5 e6 8. Ng3 exd5 9. cxd5 h5 10. Bg5 Qb6 11. Qd2 Nh7 12. Be3 h4 13. Nge2 Nd7 14.
Nf4 Ne5 15. Be2 Qb4 16. O-O Nc4 17. Bxc4 Qxc4 18. a4 Bd7 19. Rfc1 Qb3 20. Nd3 a6 21. Kh1 h3 22. g4 Rfc8 23. Ra3 Qb6 24. b4 Bd4 25. bxc5 dxc5 26. a5 Qf6 27. Rf1 Bxg4 28. Qe2 Bh5 29. e5 Bxe5 30. Ne4 Qf5 31. Bxc5 Rd8 32. d6 Rac8 33. Bb6 Re8 34. Nxe5 Rxe5 35. Re3 Qd7 36. Nf6+ Nxf6 37. Rxe5 Qxd6 38. Re3 Kh7 39. Rd1 Qb4 40. Bd4 Nd5 41. Re4 Nc3 42. Bxc3 Qxc3 43. Re3 Re8 44. Rxc3 Rxe2 45. Rb1 Kg7 46. Kg1 Rg2+ 47.
Kh1 Rf2 48. Kg1 Rxf3 49. Rxf3 Bxf3 50. Kf2 Bg2 51. Rb6 g5 52. Kg3 f6 53. Kg4 Kg6 54. Kg3 Kf5 55. Rb4 Ke5 56. Kg4 Bf1 57. Rxb7 Bg2 58. Rb6 Bf1 59. Rb2 Ke6 60. Rf2 Bg2 61. Re2+ Kd5 62. Kf5 Kc5 63. Kxf6 Kb4 64. Re5 g4 65.
Rg5 Bf3 66. Ke6 Kc4 67. Kd6 Kd4 68. Kc7 Be2 69. Kb6 Ke4 70. Kc5 Kf3 71. Kd4 Kg2 72. Rg6 Kxh2 73. Ke3 Bf3 74. Kf2 Bd1 75. Rd6 g3+ 76. Ke1 g2 77. Rd2 Kh1 78. Rxd1 g1=Q+ 79.
Ke2 Qxd1+ 80. Kxd1 Kg2 0-1

[Event "*** Titled Tuesday Blitz"]
[Site "Chess.com"]
[Date "2020.04.14"]
[Round "6"]
[White "Witik"]
[Black "SmirnovTimofey2000"]
[Result "0-1"]
[WhiteElo "2714"]
[BlackElo "2581"]
[TimeControl "180+1"]
[EndTime "11:05:27 PDT"]
[Termination "SmirnovTimofey2000 won by resignation"]

1. d4 d5 2. Bf4 c5 3. e3 Nc6 4. c3 Nf6 5. Nd2 Qb6 6. Qb3 c4 7. Qc2 g6 8. e4 dxe4 9. Bxc4 Bf5 10.
Qb3 e6 11. Ne2 Be7 12. h3 h5 13. Nf1 O-O 14. Ne3 Na5 15. Qxb6 axb6 16. Bb5 Nd5 17. Bh6 Rfd8 18. Ng3 h4 19. Ngxf5 exf5 20. a4 Nc7 21. Be2 Ne6 22. d5 Nb3 23. Rd1 Nec5 24. Nc4 Nxa4 25. d6 Bf6 26. O-O b5 27. Ne3 Nxb2 28.
Rb1 Bxc3 29. Nd5 b4 30. Ne7+ Kh7 31. Bf4 Nd4 32. Bd1 Ne6 33. Bh2 Nxd1 34. Rfxd1 f4 35. Nd5 Ra6 36. Nxf4 Raxd6 37. Rdc1 Rc6 38. Ne2 Bd2 39. Rd1 Rcc8 40. Kf1 Nc5 41. Be5 b3 42. Bf6 Rd7 43. Bxh4 Ba5 44. Rxd7 Nxd7 45. Rxb3 Nc5 46. Rb1 Bd8 47. Bxd8 Rxd8 48. Nc3 f5 49. Ke2 Rd3 50.
Nb5 Rb3 51. Rxb3 Nxb3 52. Ke3 Kg7 53. Nd6 Na5 54. f3 exf3 55. Kxf3 Kf6 56. h4 Ke6 57. Nb5 Nc6 58. Kf4 Kf6 59. g3 Ne5 60. Nc7 Nd3+ 61.
Ke3 Nc5 62. Nd5+ Ke5 63. Nf4 Kf6 64. Kd4 Ne6+ 65. Ke3 Nxf4 66. gxf4 b5 67. Kd4 Kg7 68. Kc5 Kh6 69. Kxb5 Kh5 70. Kc5 Kxh4 71. Kd5 Kg4 72.
Ke5 Kf3 73. Kf6 Kxf4 74. Kxg6 Kg4 0-1

[Event "*** Titled Tuesday Blitz"]
[Site "Chess.com"]
[Date "2020.04.14"]
[Round "6"]
[White "TigrVShlyape"]
[Black "SmoothAsAHedgehog"]
[Result "1-0"]
[WhiteElo "2860"]
[BlackElo "2674"]
[TimeControl "180+1"]
[EndTime "11:05:34 PDT"]
[Termination "TigrVShlyape won by resignation"]

1. d4 Nf6 2. Nf3 e6 3. Bf4 b6 4.
e3 Bb7 5. h3 Be7 6. Nbd2 O-O 7.
Bd3 c5 8. O-O cxd4 9. exd4 d6 10. a4 a6 11. a5 b5 12. c4 bxc4 13. Nxc4 Nd5 14. Bh2 Nc6 15. Re1 Rc8 16. Qb3 Rb8 17. Qa3 Ndb4 18. Bb1 g6 19. Qe3 Ba8 20. Qh6 Rb5 21.
Ra3 Rh5 22. Qd2 Rb5 23. Rc1 d5 24. Nce5 Nxe5 25. Nxe5 Rxa5 26. Rf3 Ra1 27. Bf4 Nc6 28. Nxc6 Bxc6 29. Bh6 Re8 30. Qf4 f5 31. Bxf5 Rxc1+ 32.
Qxc1 exf5 33. Qxc6 Bf8 34. Bxf8 Kxf8 35. g4 Re1+ 36. Kg2 Qe8 37. Qd6+ Qe7 38. Qxe7+ Kxe7 39. gxf5 g5 40. f6+ Kf7 41. Rf5 Re4 42. Rxd5 Kxf6 43. Rd6+ Kf5 44. Kg3 h5 45. Rd5+ Kf6 46. Kf3 Rf4+ 47.
Kg2 Re4 48. b4 h4 49. Kf3 Rf4+ 50. Ke3 Kg6 51. Rd6+ Kg7 52. Rxa6 Rf8 53. Ra5 Rb8 54. Rxg5+ Kf6 55. Rh5 Rxb4 56. Rxh4 Kg5 57. Rg4+ Kf5 58. Rf4+ Kg5 59. h4+ Kg6 60. Ke4 Rb2 61. d5 Rd2 62. Ke5 Re2+ 63. Kd6 Rd2 64. Ke6 Re2+ 65. Kd7 Rd2 66. d6 Kg7 67. Ke7 Re2+ 68. Kd8 Rd2 69. d7 Rd1 70. h5 Kg8 71. Rf5 Kg7 72. Kc7 Rc1+ 73. Kd6 Rd1+ 74. Rd5 Rxd5+ 75. Kxd5 1-0